 Dungeon Crawl Stone Soup version 0.17.1-2-g5865329 (webtiles) character file.

98 PossumBlood the Shooter (level 4, -2/29 HPs)
             Began as a High Elf Hunter on Jan 24, 2016.
             Slain by Beholder179's ghost (7 damage)
             ... on level 3 of the Dungeon.
             The game lasted 00:07:06 (1876 turns).

PossumBlood the Shooter (High Elf Hunter)           Turns: 1876, Time: 00:07:06

Health: -2/29      AC:  6    Str: 11    XL:     4   Next: 44%
Magic:  5/5        EV: 12    Int: 15    God:
Gold:   86         SH:  0    Dex: 16    Spells: 0 memorised, 3 levels left

rFire  . . .     SeeInvis .     a - +1 shortbow
rCold  . . .     Clarity  .     c - +2 leather armour
rNeg   + . .     SustAt   .     (shield currently unavailable)
rPois  .         Gourm    .     (no helmet)
rElec  .         Spirit   .     (no cloak)
rCorr  .         Warding  +     n - +0 pair of gloves
rMut   .         Stasis   .     (no boots)
MR     .....                    l - amulet of warding
Stlth  ++........               (no ring)
                                (no ring)

@: lethally poisoned (-2 -> -19), not resistant to hostile enchantments,
unstealthy
A: no striking features
a: no special abilities


You were on level 3 of the Dungeon.
You were not hungry.

You visited 1 branch of the dungeon, and saw 3 of its levels.

You collected 86 gold pieces.

Inventory:

Hand Weapons
 a - a +1 shortbow (weapon)
 b - a +0 short sword
Missiles
 d - 62 arrows (quivered)
Armour
 c - a +2 leather armour (worn)
 n - a +0 pair of gloves (worn)
Jewellery
 l - an amulet of warding (around neck)
Wands
 i - a wand of slowing (28)
Scrolls
 j - a scroll of magic mapping
Potions
 f - 3 potions of poison
 m - a potion of might
Comestibles
 e - 4 bread rations
 g - a meat ration


   Skills:
 - Level 2.0 Fighting
 * Level 7.8 Bows
 - Level 2.1 Dodging
 - Level 1.1 Stealth


You had 3 spell levels left.
You didn't know any spells.

Dungeon Overview and Level Annotations

Branches:
Dungeon (3/15)

Altars:
Qazlal

Annotations:
D:3 Beholder179's ghost, amateur HuWn


Message History

Beholder179's ghost hits you!
* * * LOW HITPOINT WARNING * * *
You are too injured to fight recklessly!
You are too injured to fight recklessly!
You are too injured to fight recklessly!
You are too injured to fight recklessly!
You are too injured to fight recklessly!
You are too injured to fight recklessly!
You are too injured to fight recklessly!
You are too injured to fight recklessly!
You are too injured to fight recklessly!
You are too injured to fight recklessly!
You are too injured to fight recklessly!
Drink which item? (? for menu, Esc to quit)
It was a potion of poison.
That liquid tasted very nasty...
You are lethally poisoned!
* * * LOW HITPOINT WARNING * * *
You feel sick. Beholder179's ghost hits you!
You die...

#.####...#####.#
#.####.#.# #.#
#.#......#####.# #####
#.#.##...#.....# #...#
#.#.##...#.#######
#.#.#####.#)##...........#
#.#........<[....#.#####.#
#####.#######(######.#.#
#.# #.....# #.@Wo...#...#
#.# ##.####
###.##.##.#########.# #.#
#>..............W.... #.#
#.#...###(########### #.#
#.#.......# #.#
#.#..###### #.#
#.#......... #.#
#....#######
#.#######.........


You could see Beholder179's ghost and an orc.

Vanquished Creatures
  An orc wizard (D:3)
  2 adders (D:2)
  3 worms (D:2)
  2 giant geckos
  5 orcs (D:3)
  2 giant cockroaches
  4 goblins
  2 hobgoblins (D:2)
  2 jackals (D:1)
  3 kobolds
  4 bats
  2 giant newts (D:1)
  3 quokkas
  3 rats
38 creatures vanquished.

Notes
Turn   | Place    | Note
--------------------------------------------------------------
     0 | D:1      | PossumBlood the High Elf Hunter began the quest for the Orb.
     0 | D:1      | Reached XP level 1. HP: 14/14 MP: 2/2
   176 | D:1      | Reached XP level 2. HP: 19/19 MP: 3/3
   274 | D:1      | Reached skill level 6 in Bows
   779 | D:2      | Reached XP level 3. HP: 24/24 MP: 4/4
   868 | D:2      | Found a faded altar to an unknown god.
  1075 | D:2      | Found a stormy altar of Qazlal.
  1185 | D:2      | Reached skill level 7 in Bows
  1224 | D:3      | Reached XP level 4. HP: 27/29 MP: 5/5
  1520 | D:3      | Noticed Beholder179's ghost (amateur HuWn)
  1535 | D:3      | HP: 1/29 [orc/mace (2)]
  1876 | D:3      | Slain by Beholder179's ghost

Action                   |  1- 3 |  4- 6 || total
-------------------------+-------+-------++-------
 Fire: Shortbow          |    76 |    47 ||   123
  Use: Scroll            |     6 |     2 ||     8
       Potion            |       |     2 ||     2
  Eat: Bread ration      |     1 |       ||     1
